 Dungeon Crawl Stone Soup version 0.29.1-1-gd02db6906a (webtiles) character file.

Game seed: 9595723755775958261

28 GandalfHyperdrive the Digger (level 3, -3/19 HPs)
             Began as a Gargoyle Earth Elementalist on Sept 18, 2022.
             Slain by Ijyb
             ... wielding a +0 dagger of speed
              (4 damage)
             ... on level 2 of the Dungeon on Sept 19, 2022.
             The game lasted 00:08:09 (1340 turns).

GandalfHyperdrive the Digger (GrEE)                 Turns: 1340, Time: 00:08:10

Health: -3/19      AC:  5    Str: 11    XL:     3   Next: 12%
Magic:  0/7        EV: 11    Int: 17    God:
Gold:   76         SH:  0    Dex: 10    Spells: 6/7 levels left

rFire   . . .      SeeInvis .   (no weapon)
rCold   . . .      Faith    .   (no shield)
rNeg    + . .      Spirit   .   a - +0 robe
rPois   ∞          Reflect  .   (no helmet)
rElec   +          Harm     .   (no cloak)
rCorr   .          Rampage  .   (no gloves)
Will    .....                   (no boots)
Stlth   ++........              (no amulet)
HPRegen 0.06/turn               (no ring)
MPRegen 0.10/turn               (no ring)

@: no status effects
A: sickness immunity, AC +3, negative energy resistance 1, electricity
resistance, torment resistance 1, petrification resistance
a: no special abilities


You were on level 2 of the Dungeon.
You visited 1 branch of the dungeon, and saw 2 of its levels.

You collected 76 gold pieces.

Inventory:

Missiles
 k - 5 stones
Armour
 a - a +0 robe (worn)
Jewellery
 i - a ring of fire
Scrolls
 c - a scroll of teleportation {unknown}
 f - 2 scrolls of identify {unknown}
 g - 2 scrolls of butterflies {unknown}
 h - a scroll of poison {unknown}
Potions
 b - a potion of magic
 d - 2 potions of mutation {unknown}
 e - 2 potions of flight {unknown}
 j - a potion of experience {unknown}


   Skills:
 - Level 1.5 Dodging
 - Level 2.1 Stealth
 + Level 2.7 Spellcasting
 - Level 0.7 Transmutations
 + Level 4.4 Earth Magic


You had 6 spell levels left.
You knew the following spells:

 Your Spells              Type           Power      Damage    Failure   Level
a - Sandblast             Erth           34%        2d9       3%          1

Your spell library contained the following spells:

 Spells                   Type           Power      Damage    Failure   Level
 Passwall                 Tmut/Erth      9%         N/A       10%         2
 Stone Arrow              Conj/Erth      18%        3d8       22%         3
 Petrify                  Tmut/Erth      11%        N/A       52%         4


Dungeon Overview and Level Annotations

Branches:
Dungeon (2/15)

Altars:

Annotations:
D:2 Ijyb


Innate Abilities, Weirdness & Mutations

You are immune to sickness and miasma.
Your stone body is resilient. (AC +3)
You are immune to poison.
You resist negative energy. (rN+)
You are resistant to electric shocks. (rElec)
You are resistant to unholy torment.
You are immune to petrification.


Message History

Press: ? - help, Shift-Dir - straight line, f/p - Ijyb
Aim: Ijyb, wielding a +0 dagger of speed, wearing a +1 leather armour of cold resistance and carrying a wand of digging (4) (moderately wounded, 77% to hit)
The blast of sand hits Ijyb but does no damage.
Ijyb is moderately wounded.
Ijyb barely misses you. Ijyb hits you but does no damage.
Casting: Sandblast (safe; 3% risk of failure)
Confirm with . or Enter, or press ? or * to list all spells.
Aiming: Sandblast (safe; 3% risk of failure)
Press: ? - help, Shift-Dir - straight line, f/p - Ijyb
Aim: Ijyb, wielding a +0 dagger of speed, wearing a +1 leather armour of cold resistance and carrying a wand of digging (4) (moderately wounded, 77% to hit)
The blast of sand hits Ijyb.
Ijyb is heavily wounded.
Ijyb hits you with a +0 dagger of speed. x2
Casting: Sandblast (safe; 3% risk of failure)
Confirm with . or Enter, or press ? or * to list all spells.
Aiming: Sandblast (safe; 3% risk of failure)
Press: ? - help, Shift-Dir - straight line, f/p - Ijyb
Aim: Ijyb, wielding a +0 dagger of speed, wearing a +1 leather armour of cold resistance and carrying a wand of digging (4) (heavily wounded, 77% to hit)
The blast of sand hits Ijyb.
Ijyb is heavily wounded.
Ijyb hits you with a +0 dagger of speed. x2
* * * LOW HITPOINT WARNING * * *
Ijyb hits you but does no damage.
Ijyb hits you with a +0 dagger of speed.
* * * LOW HITPOINT WARNING * * *
Unknown command.
Unknown command.
Casting: Sandblast (safe; 3% risk of failure)
Confirm with . or Enter, or press ? or * to list all spells.
You don't have enough magic to cast this spell.
Unknown command.
Casting: Sandblast (safe; 3% risk of failure)
Confirm with . or Enter, or press ? or * to list all spells.
You don't have enough magic to cast this spell.
Unknown command.
You closely miss Ijyb.
Ijyb is heavily wounded.
Ijyb closely misses you.
Ijyb hits you with a +0 dagger of speed.
You die...

###########
############.........#
...............).....#
######.......g......#
#...####...@.....#
#..## #####.....#
#..8.8.8g8 #.....#
#......... #####.#
#......gg. #.#
#....gg... #.#
#.......gg #.#
.......... #.#
#..8.8.8.8 #.###


You could see Ijyb.

Vanquished Creatures
  A worm (D:1)
  A dart slug (D:1)
  2 bats (D:1)
  3 endoplasms (D:1)
  4 goblins (D:2)
  A hobgoblin (D:2)
  2 kobolds (D:1)
  2 quokkas
  2 ball pythons (D:1)
  2 rats (D:1)
  A toadstool (D:1)
21 creatures vanquished.

Vanquished Creatures (others)
  3 toadstools (D:1)
3 creatures vanquished.

Grand Total: 24 creatures vanquished

Notes
Turn   | Place    | Note
-------+----------+-------------------------------------------
     0 | D:1      | GandalfHyperdrive the Gargoyle Earth Elementalist began the
                  | quest for the Orb.
     0 | D:1      | Reached XP level 1. HP: 10/10 MP: 3/3
   195 | D:1      | Reached skill level 4 in Earth Magic
   195 | D:1      | Reached XP level 2. HP: 15/15 MP: 0/5
  1114 | D:2      | Reached XP level 3. HP: 19/19 MP: 3/6
  1152 | D:2      | Noticed Ijyb
  1340 | D:2      | Slain by Ijyb

Illustrated notes

Levels and vault maps discovered:
D:1:      ldierk_water_garden, layout_basic
D:2:      kennysheep_the_goblin_king, layout_rooms, st_stairs_4,
          minmay_curled_crystal, grunt_ministairs_4, uniq_natasha

Skill      XL: |  1 |
---------------+----+-----
Earth Magic    | 4 |  4.4
Dodging        | |  1.5
Stealth        | |  2.1
Spellcasting   | |  2.7
Transmutations | |  0.7

Action                   || total
-------------------------++-------
Melee: Unarmed           ||     6
 Cast: Sandblast         ||    38
Armor: Robe              ||     9
Dodge: Dodged            ||    17
